| TOP OF THE 1ST |
|
Peninsula Panthers batting - Pitching for Winston-Salem Spirits : LHP Bob Raftice
|
|
Pitching: LHP Bob Raftice
|
|
|
Batting: SHB Vince Coleman
|
0-0: Foul Ball, location: 2F 0-1: Foul Ball, location: 2F 0-2: Ball 1-2: Ball 2-2: SINGLE (Line Drive, 7S, EV 105.6 MPH)
|
|
Batting: RHB Dan Cox
|
0-0: Ball 1-0: Ball 2-0: Ball 3-0: Base on Balls Vince Coleman to second
|
|
Batting: SHB Steven Malito
|
0-0: Ball 1-0: Ball 2-0: Swinging Strike 2-1: SINGLE (Groundball, 6D, EV 104.4 MPH) Vince Coleman to third Dan Cox to second Runner from 3rd tries for Home, SAFE, throw by LF to home
|
|
Batting: RHB David Stokes
|
0-0: Called Strike 0-1: Ball 1-1: Fly out, F4 (Popup, 4D, EV 46.9 MPH)
|
|
Batting: RHB Lawrence McGee
|
0-0: Swinging Strike 0-1: Foul Ball, location: 2F 0-2: Strikes out swinging
|
|
Batting: SHB Romel Beck
|
0-0: Ball 1-0: Ball 2-0: Foul Ball, location: 2F 2-1: Ball 3-1: SINGLE (Line Drive, 9S, EV 104.4 MPH) Dan Cox to third Steven Malito to second Runner from 3rd tries for Home, SAFE, throw by RF to home
|
|
Batting: LHB Randy Harvey
|
0-0: Called Strike 0-1: DOUBLE (Line Drive, 78M, EV 110.6 MPH) Steven Malito scores Romel Beck to third Runner from 3rd tries for Home, SAFE, throw by CF to trailing runner, SAFE at third!
|
|
Batting: RHB David Stevens
|
0-0: Called Strike 0-1: Ball 1-1: Swinging Strike 1-2: Fly out, F9 (Flyball, 9D, EV 104.4 MPH)
|
| Top of the 1st over - 4 runs, 4 hits, 0 errors, 1 left on base; Peninsula 4 - Winston-Salem 0 |
| BOTTOM OF THE 1ST |
|
Winston-Salem Spirits batting - Pitching for Peninsula Panthers : RHP Bill Aguilar
|
|
Pitching: RHP Bill Aguilar
|
|
|
Batting: SHB Frank Diaz
|
0-0: Ball 1-0: Foul Ball, location: 2F 1-1: Called Strike 1-2: DOUBLE (Line Drive, 9LM, EV 111.9 MPH)
|
|
Batting: RHB Ell Roberson
|
0-0: Ball Frank Diaz steals 3rd base 1-0: Ball 2-0: Ball 3-0: Base on Balls
|
|
Batting: SHB Danny Montero
|
0-0: Called Strike 0-1: Grounds into double play, 4-6-3 (Groundball, 34, EV 103.1 MPH) Frank Diaz scores
|
|
Batting: RHB Jeffrey Smith
|
0-0: Fly out, F6 (Line Drive, 6, EV 68.8 MPH)
|
| Bottom of the 1st over - 1 run, 1 hit, 0 errors, 0 left on base; Peninsula 4 - Winston-Salem 1 |
| TOP OF THE 2ND |
|
Peninsula Panthers batting - Pitching for Winston-Salem Spirits : LHP Bob Raftice
|
|
Batting: RHB Douglas Elliott
|
0-0: Called Strike 0-1: SINGLE (Groundball, 6D, EV 93.8 MPH)
|
|
Batting: SHB Vince Coleman
|
0-0: Ball 1-0: Foul Ball, location: 2F 1-1: Fielders Choice at 2nd, 6-4 (Groundball, 6, EV 86.9 MPH)
|
|
Batting: RHB Dan Cox
|
0-0: Ball 1-0: Ball 2-0: Called Strike 2-1: Ball 3-1: Base on Balls Vince Coleman to second
|
|
Batting: SHB Steven Malito
|
0-0: Ball Vince Coleman steals 3rd base Dan Cox to second 1-0: Ball 2-0: Ball 3-0: Called Strike 3-1: Foul Ball, location: 2F 3-2: Base on Balls
|
|
Batting: RHB David Stokes
|
0-0: Swinging Strike 0-1: Ball 1-1: Foul Ball, location: 2F 1-2: Strikes out swinging
|
|
Batting: RHB Lawrence McGee
|
0-0: Fielders Choice at 2nd, 5-4 (Groundball, 5, EV 101.9 MPH)
|
| Top of the 2nd over - 0 runs, 1 hit, 0 errors, 3 left on base; Peninsula 4 - Winston-Salem 1 |
| BOTTOM OF THE 2ND |
|
Winston-Salem Spirits batting - Pitching for Peninsula Panthers : RHP Bill Aguilar
|
|
Batting: RHB Larry Reasonover
|
0-0: Foul Ball, location: 2F 0-1: Ground out 6-3 (Groundball, 6, EV 103.8 MPH)
|
|
Batting: RHB Buddy Bailey
|
0-0: Ball 1-0: Ball 2-0: Called Strike 2-1: Swinging Strike 2-2: Foul Ball, location: 2F 2-2: Strikes out swinging
|
|
Batting: RHB Brad Fischer
|
0-0: Called Strike 0-1: Swinging Strike 0-2: Foul Ball, location: 2F 0-2: Ball 1-2: Ground out U3 (Groundball, 3S, EV 80.0 MPH)
|
| Bottom of the 2nd over - 0 runs, 0 hits, 0 errors, 0 left on base; Peninsula 4 - Winston-Salem 1 |
| TOP OF THE 3RD |
|
Peninsula Panthers batting - Pitching for Winston-Salem Spirits : LHP Bob Raftice
|
|
Batting: SHB Romel Beck
|
0-0: Ball 1-0: SINGLE (Groundball, 34D, EV 110.6 MPH)
|
|
Batting: LHB Randy Harvey
|
0-0: Called Strike 0-1: Foul Ball, location: 2F 0-2: Foul Ball, location: 2F 0-2: Ball 1-2: Ball 2-2: Foul Ball, location: 2F 2-2: SINGLE (Line Drive, 9S, EV 110.6 MPH) Romel Beck to second
|
|
Batting: RHB David Stevens
|
0-0: Grounds into double play, 1-4-3 (Groundball, 15, EV 62.5 MPH) Romel Beck to third
|
|
Batting: RHB Douglas Elliott
|
0-0: Foul Ball, location: 2F 0-1: Ball 1-1: Ball 2-1: Ball 3-1: Foul Ball, location: 2F 3-2: SINGLE (Line Drive, 6D, EV 97.5 MPH) Romel Beck scores
|
|
Batting: SHB Vince Coleman
|
0-0: Ball 1-0: Fly out, F8 (Flyball, 8RD, EV 102.5 MPH)
|
| Top of the 3rd over - 1 run, 3 hits, 0 errors, 1 left on base; Peninsula 5 - Winston-Salem 1 |
| BOTTOM OF THE 3RD |
|
Winston-Salem Spirits batting - Pitching for Peninsula Panthers : RHP Bill Aguilar
|
|
Batting: RHB Venson Davis
|
0-0: Called Strike 0-1: Ball 1-1: Fly out, F4 (Popup, 34S, EV 66.9 MPH)
|
|
Batting: RHB Kelly Miller
|
0-0: Called Strike 0-1: Swinging Strike 0-2: Ball 1-2: Ball 2-2: Fly out, F8 (Flyball, 8RD, EV 105.0 MPH)
|
|
Batting: SHB Frank Diaz
|
0-0: Called Strike 0-1: Ground out 4-3 (Groundball, 4, EV 88.1 MPH)
|
| Bottom of the 3rd over - 0 runs, 0 hits, 0 errors, 0 left on base; Peninsula 5 - Winston-Salem 1 |
| TOP OF THE 4TH |
|
Peninsula Panthers batting - Pitching for Winston-Salem Spirits : LHP Bob Raftice
|
|
Batting: RHB Dan Cox
|
0-0: Foul Ball, location: 2F 0-1: Ball 1-1: Called Strike 1-2: Foul Ball, location: 2F 1-2: Foul Ball, location: 2F 1-2: Ball 2-2: SINGLE (Line Drive, 89S, EV 97.5 MPH)
|
|
Pitching: LHP Michael Biedenkapp
|
|
|
Batting: SHB Steven Malito
|
0-0: Ball 1-0: Called Strike 1-1: Foul Ball, location: 2F 1-2: Fly out, F7 (Flyball, 7, EV 85.0 MPH)
|
|
Batting: RHB David Stokes
|
0-0: Ball Dan Cox steals 2nd base 1-0: Ground out 6-3 (Groundball, 6M, EV 84.4 MPH) Dan Cox to third
|
|
Batting: RHB Lawrence McGee
|
0-0: Called Strike 0-1: Ball Steal of home, Dan Cox is out
|
| Top of the 4th over - 0 runs, 1 hit, 0 errors, 0 left on base; Peninsula 5 - Winston-Salem 1 |
| BOTTOM OF THE 4TH |
|
Winston-Salem Spirits batting - Pitching for Peninsula Panthers : RHP Bill Aguilar
|
|
Batting: RHB Ell Roberson
|
0-0: Ball 1-0: Ball 2-0: Called Strike 2-1: Ground out 6-3 (Groundball, 6, EV 80.0 MPH)
|
|
Batting: SHB Danny Montero
|
0-0: Called Strike 0-1: Ball 1-1: Ball 2-1: Ball 3-1: Base on Balls
|
|
Batting: RHB Jeffrey Smith
|
0-0: Called Strike 0-1: Foul Ball, location: 2F 0-2: Ball 1-2: Strikes out looking
|
|
Batting: RHB Larry Reasonover
|
0-0: Ball Wild Pitch! Danny Montero to second 1-0: Fly out, F9 (Flyball, 9LM, EV 86.9 MPH)
|
| Bottom of the 4th over - 0 runs, 0 hits, 0 errors, 1 left on base; Peninsula 5 - Winston-Salem 1 |
| TOP OF THE 5TH |
|
Peninsula Panthers batting - Pitching for Winston-Salem Spirits : LHP Michael Biedenkapp
|
|
Batting: RHB Lawrence McGee
|
0-0: Swinging Strike 0-1: Foul Ball, location: 2F 0-2: Ball 1-2: Foul Ball, location: 2F 1-2: Foul Ball, location: 2F 1-2: Foul Ball, location: 2F 1-2: Ball 2-2: Strikes out looking
|
|
Batting: SHB Romel Beck
|
0-0: Foul Ball, location: 2F 0-1: Ball 1-1: Foul Ball, location: 2F 1-2: Ball 2-2: Ball 3-2: Foul Ball, location: 2F 3-2: Foul Ball, location: 2F 3-2: SINGLE (Flyball, 8LS, EV 98.1 MPH)
|
|
Batting: LHB Randy Harvey
|
0-0: Called Strike 0-1: Foul Ball, location: 2F 0-2: Fly out, F9 (Flyball, 9, EV 86.3 MPH)
|
|
Batting: RHB David Stevens
|
0-0: Swinging Strike 0-1: Ball 1-1: Ball 2-1: Foul Ball, location: 2F 2-2: Ground out 4-3 (Groundball, 34, EV 85.0 MPH)
|
| Top of the 5th over - 0 runs, 1 hit, 0 errors, 1 left on base; Peninsula 5 - Winston-Salem 1 |
| BOTTOM OF THE 5TH |
|
Winston-Salem Spirits batting - Pitching for Peninsula Panthers : RHP Bill Aguilar
|
|
Batting: RHB Buddy Bailey
|
0-0: Ground out 4-3 (Groundball, 4, EV 88.1 MPH)
|
|
Batting: RHB Brad Fischer
|
0-0: Called Strike 0-1: Fly out, F4 (Popup, 23, EV 80.0 MPH)
|
|
Batting: RHB Venson Davis
|
0-0: Ball 1-0: Called Strike 1-1: Swinging Strike 1-2: Strikes out looking
|
| Bottom of the 5th over - 0 runs, 0 hits, 0 errors, 0 left on base; Peninsula 5 - Winston-Salem 1 |
| TOP OF THE 6TH |
|
Peninsula Panthers batting - Pitching for Winston-Salem Spirits : LHP Michael Biedenkapp
|
|
Batting: RHB Douglas Elliott
|
0-0: Ball 1-0: Called Strike 1-1: Fly out, F8 (Flyball, 89S, EV 71.3 MPH)
|
|
Batting: SHB Vince Coleman
|
0-0: Foul Ball, location: 2F 0-1: Ground out 6-3 (Groundball, 6, EV 86.9 MPH)
|
|
Batting: RHB Dan Cox
|
0-0: Fly out, F3 (Popup, 3L, EV 78.1 MPH)
|
| Top of the 6th over - 0 runs, 0 hits, 0 errors, 0 left on base; Peninsula 5 - Winston-Salem 1 |
| BOTTOM OF THE 6TH |
|
Winston-Salem Spirits batting - Pitching for Peninsula Panthers : RHP Bill Aguilar
|
|
Batting: RHB Kelly Miller
|
0-0: Ground out 6-3 (Groundball, 6, EV 80.0 MPH)
|
|
Batting: SHB Frank Diaz
|
0-0: Fly out, F7 (Line Drive, 7, EV 105.6 MPH)
|
|
Batting: RHB Ell Roberson
|
0-0: Called Strike 0-1: Ball 1-1: Ground out 4-3 (Groundball, 13, EV 86.9 MPH)
|
| Bottom of the 6th over - 0 runs, 0 hits, 0 errors, 0 left on base; Peninsula 5 - Winston-Salem 1 |
| TOP OF THE 7TH |
|
Peninsula Panthers batting - Pitching for Winston-Salem Spirits : LHP Michael Biedenkapp
|
|
Batting: SHB Steven Malito
|
0-0: Swinging Strike 0-1: SINGLE (Groundball, 56D, EV 101.9 MPH)
|
|
Pitching: RHP Mark Lohuis
|
|
|
Batting: RHB David Stokes
|
0-0: Ball 1-0: Foul Ball, location: 2F 1-1: Called Strike 1-2: Strikes out swinging
|
|
Batting: RHB Lawrence McGee
|
0-0: Called Strike Steven Malito steals 2nd base 0-1: Ball 1-1: Ball 2-1: Foul Ball, location: 2F 2-2: Strikes out looking
|
|
Batting: SHB Romel Beck
|
0-0: Called Strike 0-1: Swinging Strike 0-2: Ball 1-2: Ball 2-2: Strikes out looking
|
| Top of the 7th over - 0 runs, 1 hit, 0 errors, 1 left on base; Peninsula 5 - Winston-Salem 1 |
| BOTTOM OF THE 7TH |
|
Winston-Salem Spirits batting - Pitching for Peninsula Panthers : RHP Bill Aguilar
|
|
Batting: SHB Danny Montero
|
0-0: Ball 1-0: Called Strike 1-1: SOLO HOME RUN (Flyball, 9LD, EV 96.9 MPH), Distance : 366 ft
|
|
Batting: RHB Jeffrey Smith
|
0-0: Foul Ball, location: 2F 0-1: Ball 1-1: Ball 2-1: Swinging Strike 2-2: SINGLE (Groundball, 56D, EV 101.9 MPH)
|
|
Batting: RHB Larry Reasonover
|
0-0: Ball 1-0: Swinging Strike 1-1: Ball 2-1: Swinging Strike 2-2: Strikes out swinging
|
|
Batting: RHB Buddy Bailey
|
0-0: Foul Ball, location: 2F 0-1: Ball 1-1: Ball 2-1: Swinging Strike 2-2: DOUBLE (Line Drive, 5D, EV 106.9 MPH) Jeffrey Smith to third
|
|
Batting: RHB Brad Fischer
|
0-0: Ground out 2-3 (Groundball, 2L, EV 71.9 MPH)
|
|
Batting: RHB Venson Davis
|
0-0: Ground out 6-3 (Groundball, 6, EV 81.3 MPH)
|
| Bottom of the 7th over - 1 run, 3 hits, 0 errors, 2 left on base; Peninsula 5 - Winston-Salem 2 |
| TOP OF THE 8TH |
|
Peninsula Panthers batting - Pitching for Winston-Salem Spirits : RHP Mark Lohuis
|
|
Batting: LHB Randy Harvey
|
0-0: Ball 1-0: Ball 2-0: Ball 3-0: Called Strike 3-1: SINGLE (Groundball, 6D, EV 108.8 MPH)
|
|
Batting: RHB David Stevens
|
0-0: Called Strike 0-1: Grounds into double play, 6-4-3 (Groundball, 6, EV 85.6 MPH)
|
|
Batting: RHB Douglas Elliott
|
0-0: Ball 1-0: Ball 2-0: Ball 3-0: Called Strike 3-1: SINGLE (Line Drive, 89S, EV 105.6 MPH)
|
|
Batting: SHB Vince Coleman
|
0-0: Ball 1-0: Ball 2-0: Ball 3-0: Called Strike 3-1: Base on Balls Douglas Elliott to second
|
|
Batting: RHB Dan Cox
|
0-0: Called Strike 0-1: SINGLE (Groundball, 6S, EV 72.5 MPH) (infield hit) Douglas Elliott to third Vince Coleman to second
|
|
Pitching: LHP Michael Yesenchak
|
|
|
Batting: SHB Steven Malito
|
0-0: Ball 1-0: Called Strike 1-1: Foul Ball, location: 2F 1-2: DOUBLE (Line Drive, 7LD, EV 108.1 MPH) Douglas Elliott scores Vince Coleman scores Dan Cox to third Runner from 3rd tries for Home, SAFE, no throw by LF
|
|
Batting: RHB David Stokes
|
0-0: Ball 1-0: Fly out, F8 (Flyball, 8LS, EV 92.5 MPH)
|
| Top of the 8th over - 3 runs, 4 hits, 0 errors, 1 left on base; Peninsula 8 - Winston-Salem 2 |
| BOTTOM OF THE 8TH |
|
Winston-Salem Spirits batting - Pitching for Peninsula Panthers : RHP Bill Aguilar
|
|
Batting: RHB Kelly Miller
|
0-0: Ball 1-0: Called Strike 1-1: Ball 2-1: Fly out, F8 (Flyball, 8RM, EV 93.8 MPH)
|
|
Batting: SHB Frank Diaz
|
0-0: Ball 1-0: Foul Ball, location: 2F 1-1: Ball 2-1: TRIPLE (Flyball, 8RXD, EV 90.6 MPH)
|
|
Batting: RHB Ell Roberson
|
0-0: Called Strike 0-1: Ball 1-1: Ball 2-1: Called Strike 2-2: Foul Ball, location: 2F 2-2: Ground out 1-3 (Groundball, 25, EV 63.8 MPH)
|
|
Batting: SHB Danny Montero
|
0-0: Fly out, F8 (Flyball, 8LXD, EV 95.6 MPH)
|
| Bottom of the 8th over - 0 runs, 1 hit, 0 errors, 1 left on base; Peninsula 8 - Winston-Salem 2 |
| TOP OF THE 9TH |
|
Peninsula Panthers batting - Pitching for Winston-Salem Spirits : LHP Michael Yesenchak
|
|
Batting: RHB Lawrence McGee
|
0-0: Called Strike 0-1: Foul Ball, location: 2F 0-2: Strikes out swinging
|
|
Batting: SHB Romel Beck
|
0-0: Called Strike 0-1: Foul Ball, location: 2F 0-2: Ball 1-2: Ball 2-2: Ground out 1-3 (Groundball, 15S, EV 73.1 MPH)
|
|
Batting: LHB Randy Harvey
|
0-0: Called Strike 0-1: Ball 1-1: Foul Ball, location: 2F 1-2: Ball 2-2: Foul Ball, location: 2F 2-2: SINGLE (Line Drive, 89S, EV 100.0 MPH)
|
|
Batting: RHB David Stevens
|
0-0: Ball 1-0: Called Strike 1-1: Ball 2-1: Called Strike 2-2: Ball 3-2: Base on Balls Randy Harvey to second
|
|
Batting: RHB Douglas Elliott
|
0-0: Ball 1-0: Ball 2-0: Reached on error, E6 (Groundball, 6, EV 93.8 MPH) Randy Harvey to third David Stevens to second
|
|
Batting: SHB Vince Coleman
|
0-0: Ball 1-0: Ball 2-0: Foul Ball, location: 2F 2-1: Ground out U3 (Groundball, 13, EV 85.0 MPH)
|
| Top of the 9th over - 0 runs, 1 hit, 1 error, 3 left on base; Peninsula 8 - Winston-Salem 2 |
| BOTTOM OF THE 9TH |
|
Winston-Salem Spirits batting - Pitching for Peninsula Panthers : RHP Bill Aguilar
|
|
Batting: RHB Jeffrey Smith
|
0-0: Called Strike 0-1: Called Strike 0-2: Ball 1-2: Ball 2-2: Ball 3-2: Reached on error, E3 (Groundball, 34, EV 89.4 MPH)
|
|
Batting: RHB Larry Reasonover
|
0-0: Ball 1-0: Called Strike 1-1: Grounds into double play, 5-4-3 (Groundball, 56, EV 87.5 MPH)
|
|
Batting: RHB Buddy Bailey
|
0-0: Ball 1-0: Foul Ball, location: 2F 1-1: Ball 2-1: Called Strike 2-2: Ball 3-2: Ground out 6-3 (Groundball, 6M, EV 86.9 MPH)
|
| Bottom of the 9th over - 0 runs, 0 hits, 1 error, 0 left on base; Peninsula 8 - Winston-Salem 2 |
|